Cogmind - Beta 13 @@@ ROGUE MODE // 2024.03.31 @ 14:38:32 Player: MPD78 Result: Destroyed by Y-45 Defender with Beam Rifle Performance ------------- Evolutions (2) 1000 Regions Visited (5) 1000 Robots Destroyed (18) 90 Value Destroyed (526) 526 Prototype IDs (1) 20 Alien Tech Used (0) 0 Bonus (25) 25 TOTAL SCORE: 2661 Bonus ------- Follower Combat Kills 25 Cogmind --------- Core Integrity 0/550 Matter 217/300 Energy 99/100 System Corruption 6% Temperature Cool (9) Movement Core (50) Location -8/Materials Parts ------- > --- POWER (2) -------- (None) > --- PROPULSION (3) --- (None) > --- UTILITY (3) ------ (None) > --- WEAPON (3) ------- (None) > --- INVENTORY (5) ---- Fission Core Structural Scanner Medium Laser Small Laser Peak State ------------ > --- POWER ------------ Ion Engine > --- PROPULSION ------- Aluminum Leg Aluminum Leg Improved VTOL Module > --- UTILITY ---------- Heat Sink Medium Matter Pod Structural Scanner > --- WEAPON ----------- Shock Rifle Small Laser > --- INVENTORY -------- Fission Core Medium Laser Small Laser Particle Gun Grenade Launcher [Rating: 15] Favorites ----------- Power Ion Engine Engine Ion Engine Propulsion Aluminum Leg Treads Light Treads Leg Aluminum Leg Flight Unit Improved VTOL Module Utility Heat Sink Device Heat Sink Storage Medium Matter Pod Weapon Assault Rifle Energy Gun Small Laser Ballistic Gun Assault Rifle Launcher Grenade Launcher Build | -11 -10 -10 -10 -9 -8 ------- Run | Yrd Mat Min Exi Min Mat Slots Evolved 4 | . . . . . 4 Power 1 | . . . . . 1 Propulsion 1 | . . . . . 1 Utility 1 | . . . . . 1 Weapon 1 | . . . . . 1 Parts Attached 22 | 5 6 2 . . 9 Power 2 | 1 . 1 . . . Engine 2 | 1 . 1 . . . Core . | . . . . . . Reactor . | . . . . . . Propulsion 6 | 2 2 . . . 2 Treads 2 | 2 . . . . . Leg 3 | . 2 . . . 1 Wheel . | . . . . . . Hover . | . . . . . . Flight 1 | . . . . . 1 Utility 3 | . 2 . . . 1 Device 2 | . 2 . . . . Storage 1 | . . . . . 1 Processor . | . . . . . . Hackware . | . . . . . . Protection . | . . . . . . Artifact . | . . . . . . Weapon 11 | 2 2 1 . . 6 Energy Gun 5 | . 1 . . . 4 Energy Cannon . | . . . . . . Ballistic Gun 3 | 2 . . . . 1 Ballistic Cannon . | . . . . . . Launcher 3 | . 1 1 . . 1 Special Weapon . | . . . . . . Impact Weapon . | . . . . . . Slashing Weapon . | . . . . . . Piercing Weapon . | . . . . . . Special Melee Weapon . | . . . . . . Unidentified Prototypes 1 | . . . . . 1 Parts Lost 13 | . . . . 1 12 Power 1 | . . . . . 1 Propulsion 3 | . . . . . 3 Utility 3 | . . . . . 3 Weapon 6 | . . . . 1 5 Highest Loss Streak 11 | . . . . 1 11 To Critical Strikes . | . . . . . . Average Slot Usage (%) 83 | . 77 100 100 92 68 Engine 10 | . 14 14 14 14 3 Treads 7 | . 26 . . . . Leg 15 | . . 28 28 28 15 Flight 2 | . . . . . 7 Device 18 | . 7 28 28 28 16 Storage 2 | . . . . . 6 Energy Gun 8 | . 6 14 . . 17 Ballistic Gun 11 | . 21 14 14 7 . Launcher 4 | . . . 14 14 1 Naked Turns 3 | . . . . . 3 Heaviest Build 13 | 7 9 12 12 12 13 Greatest Support 40 | 40 40 20 20 20 20 Greatest Overweight (x) 2 | . . . . . 2 Average Overweight (x) . | . . . . . . Largest Inventory Capacity 5 | 5 5 5 5 5 5 Average Capacity 5 | 5 5 5 5 5 5 Most Carried 5 | 4 5 5 5 5 5 Average Carried 4 | 2 4 4 4 5 4 Final Capacity 5 | 5 5 5 5 5 5 Final Carried 5 | 4 4 4 5 5 4 Class Distribution -------------------- 87% | Mutant 11% | Scavenger-Skirmisher Dominant Class ---------------- Mutant | -10/Materials Mutant | -10/Mines Mutant | -10/Exiles Mutant | -9/Mines Mutant | -8/Materials Resources | -11 -10 -10 -10 -9 -8 ----------- Run | Yrd Mat Min Exi Min Mat Matter Collected 404 | 235 65 73 . 9 22 Remotely . | . . . . . . Salvage Created 585 | . 69 96 . 40 380 Parts 35 | . 5 5 . 2 23 Haulers Intercepted . | . . . . . . Recyclers Shooed . | . . . . . . Parts Field Recycled . | . . . . . . Retrieved Matter . | . . . . . . Parts Self-Destructed . | . . . . . . Prevented . | . . . . . . Kills | -11 -10 -10 -10 -9 -8 ------- Run | Yrd Mat Min Exi Min Mat Combat Hostiles Destroyed 15 | . 2 2 . 4 7 Guns 8 | . 1 2 . 1 4 AOE 7 | . 1 . . 3 3 Classes Destroyed 6 | . 1 . . 2 3 Worker 1 | . . . . 1 . Builder 1 | . . . . . 1 Mechanic 1 | . . . . . 1 Swarmer 4 | . . . . 4 . Grunt 10 | . 2 2 . . 6 Brawler 1 | . . . . . 1 Best Kill Streak 5 | . 2 2 . 5 4 Combat Bots Only 4 | . 2 2 . 4 3 Max Kills in Single Turn 4 | . 1 1 . 4 3 Gunslinging . | . . . . . . Exploded 3 | . 1 . . 3 2 Melee . | . . . . . . Uniques/NPCs Destroyed . | . . . . . . Combat | -11 -10 -10 -10 -9 -8 -------- Run | Yrd Mat Min Exi Min Mat Hostile Shots Fired 133 | . 9 11 . 5 108 Missed 33 | . 3 2 . 1 27 Damage Taken 1639 | . 69 134 . 87 1349 Core 584 | . 12 . . 14 558 Absorbed by Shields . | . . . . . . Core Remaining (%) 94 | 100 . . . 89 . Volleys Fired 51 | . 7 7 . 4 33 Largest 3 | . 2 2 . 2 3 Hottest 155 | . 70 70 . 50 155 Shots Fired 90 | . 14 14 . 5 57 Gun 84 | . 13 13 . 3 55 Cannon . | . . . . . . Launcher 6 | . 1 1 . 2 2 Special . | . . . . . . Kinetic 27 | . 12 7 . 3 5 Thermal 41 | . 1 6 . . 34 Explosive 6 | . 1 1 . 2 2 Electromagnetic 16 | . . . . . 16 Robot Hit Streak 21 | . 3 8 . 5 21 Robot Miss Streak 4 | . 3 1 . 1 4 Penetration Max . | . . . . . . Secondary Targets 2 | . . 1 . . 1 Max Gunslinging Chain 1 | . . 1 . . 1 Shots Hit Robots 60 | . 5 11 . 2 42 Core Hits 39 | . 3 6 . 6 24 Critical Kills . | . . . . . . Critical Parts Destroyed . | . . . . . . Critical Strikes 1 | . . . . . 1 Burn 1 | . . . . . 1 Melee Attacks . | . . . . . . Impact . | . . . . . . Slashing . | . . . . . . Piercing . | . . . . . . Sneak Attacks . | . . . . . . Combat Hostiles . | . . . . . . Follow-up Attacks . | . . . . . . Damage Inflicted 1208 | . 79 131 . 182 816 Guns 821 | . 55 131 . 27 608 Cannons . | . . . . . . Explosions 375 | . 21 . . 155 199 Melee . | . . . . . . Ramming 12 | . 3 . . . 9 Kinetic 205 | . 55 57 . 27 66 Thermal 389 | . . 74 . . 315 Explosive 375 | . 21 . . 155 199 Electromagnetic 227 | . . . . . 227 Impact . | . . . . . . Slashing . | . . . . . . Piercing . | . . . . . . Highest Corruption 6 | . . . . . 6 Average Corruption 5 | . . . . . 5 Corruption Purged . | . . . . . . Corruption Blocked . | . . . . . . Overload Shots . | . . . . . . Overflow Damage 10 | . . . . 4 6 Projectiles . | . . . . . . Explosions 10 | . . . . 4 6 Melee . | . . . . . . Knockbacks . | . . . . . . Impact . | . . . . . . Kinetic . | . . . . . . Secondary . | . . . . . . Self-Inflicted Damage 108 | . . . . 28 80 Shots 3 | . . . . 1 2 Rammed 4 | . 3 . . . 1 Targets Rammed 4 | . 3 . . . 1 Kicked . | . . . . . . Crushed . | . . . . . . Highest Temperature 96 | . 2 9 . . 96 Average Temperature 27 | . 2 3 . . 32 Received Heat Transfer 747 | . 36 72 . 36 603 Siege Activations . | . . . . . . Robots Corrupted . | . . . . . . Combat Hostiles . | . . . . . . Parts Fried . | . . . . . . Impact Corruptions . | . . . . . . Robots Melted . | . . . . . . Combat Hostiles . | . . . . . . Parts Melted 2 | . . 1 . . 1 Heat Transferred 1040 | . . 222 . . 818 Parts Sabotaged . | . . . . . . Parts Stolen . | . . . . . . Parts Stripped . | . . . . . . Power Chain Reactions . | . . . . . . Alert | -11 -10 -10 -10 -9 -8 ------- Run | Yrd Mat Min Exi Min Mat Peak Influence 127 | . 50 90 . 99 127 Initial 37 | . . 19 . . 37 Average 46 | . 22 77 . 97 66 Maximum Alert Level . | . . . . . . Low Security (%) 100 | 100 100 100 . 100 100 Level 1 . | . . . . . . Level 2 . | . . . . . . Level 3 . | . . . . . . Level 4 . | . . . . . . Level 5 . | . . . . . . High Security . | . . . . . . Max Security . | . . . . . . Squads Dispatched 2 | . . . . . 2 Investigation . | . . . . . . Extermination . | . . . . . . Reinforcement 1 | . . . . . 1 Assault . | . . . . . . Garrison 1 | . . . . . 1 Intercept . | . . . . . . Searches Triggered . | . . . . . . Construction Impeded . | . . . . . . Haulers Reinforced . | . . . . . . Active Scanning Responses . | . . . . . . Cargo Convoy Interrupts . | . . . . . . Stealth | -11 -10 -10 -10 -9 -8 --------- Run | Yrd Mat Min Exi Min Mat Distress Signals . | . . . . . . Communications Jammed . | . . . . . . Distress Signals . | . . . . . . Times Spotted 24 | . 2 5 . 2 15 Peak Tracking Total 8 | . 2 4 . 2 8 Tactical Retreats . | . . . . . . Traps | -11 -10 -10 -10 -9 -8 ------- Run | Yrd Mat Min Exi Min Mat Traps Triggered 1 | . 1 . . . . Indirectly . | . . . . . . Trap Hack Attempts . | . . . . . . Triggered . | . . . . . . Disarmed . | . . . . . . Reprogrammed . | . . . . . . Reused . | . . . . . . Traps Extracted . | . . . . . . Installed . | . . . . . . Triggered . | . . . . . . Machines | -11 -10 -10 -10 -9 -8 ---------- Run | Yrd Mat Min Exi Min Mat Machines Disabled . | . . . . . . Max in Single Turn . | . . . . . . Machines Repaired . | . . . . . . Machines Dismantled . | . . . . . . Machines Sabotaged . | . . . . . . Overloaded Fab Kills . | . . . . . . Hacking | -11 -10 -10 -10 -9 -8 --------- Run | Yrd Mat Min Exi Min Mat Machines Accessed 1 | . . . 1 . . Terminals . | . . . . . . Fabricators . | . . . . . . Repair Stations . | . . . . . . Recycling Units . | . . . . . . Scanalyzers . | . . . . . . Garrison Access . | . . . . . . Total Hacks 23 | . . . 23 . . Successful 23 | . . . 23 . . Failed . | . . . . . . Catastrophic . | . . . . . . Database Lockouts . | . . . . . . Manual . | . . . . . . Terminals . | . . . . . . Fabricators . | . . . . . . Repair Stations . | . . . . . . Recycling Units . | . . . . . . Scanalyzers . | . . . . . . Garrison Access . | . . . . . . Terminal Hacks 23 | . . . 23 . . Record 23 | . . . 23 . . Fabricator Hacks . | . . . . . . Repair Station Hacks . | . . . . . . Recycling Unit Hacks . | . . . . . . Scanalyzer . | . . . . . . Garrison Access Hacks . | . . . . . . Unauthorized Hacks . | . . . . . . Terminals . | . . . . . . Fabricators . | . . . . . . Repair Stations . | . . . . . . Recycling Units . | . . . . . . Scanalyzers . | . . . . . . Garrison Access . | . . . . . . Data Cores Recovered . | . . . . . . Used . | . . . . . . Hacking Detections . | . . . . . . Full Trace Events . | . . . . . . Feedback Events . | . . . . . . Feedback Blocked . | . . . . . . Robot Schematics Acquired . | . . . . . . Robots Built . | . . . . . . Authchips . | . . . . . . Time . | . . . . . . Total Robot Build Rating . | . . . . . . Part Schematics Acquired . | . . . . . . Parts Built . | . . . . . . Authchips . | . . . . . . Time . | . . . . . . Total Part Build Rating . | . . . . . . Parts Repaired . | . . . . . . Time . | . . . . . . Parts Recycled . | . . . . . . Recycled Matter . | . . . . . . Retrieved Matter . | . . . . . . Retrieved Components . | . . . . . . Parts Scanalyzed . | . . . . . . Part Schematics Acquired . | . . . . . . Parts Damaged . | . . . . . . Bothacking | -11 -10 -10 -10 -9 -8 ------------ Run | Yrd Mat Min Exi Min Mat Used RIF Installer . | . . . . . . Robots Hacked . | . . . . . . Non-combat . | . . . . . . Combat . | . . . . . . Robot Hacks Applied . | . . . . . . Relay Couplers Released . | . . . . . . Fabnet Peak Effective % . | . . . . . . Robots Rewired . | . . . . . . Allies Hacked . | . . . . . . Hacks Repelled . | . . . . . . Allies | -11 -10 -10 -10 -9 -8 -------- Run | Yrd Mat Min Exi Min Mat Total Allies 1 | . . 1 . . . Largest Group 1 | . . 1 1 . . Highest-Rated Group 31 | . . 31 31 . . Highest-Rated Ally 31 | . . 31 31 . . Total Orders . | . . . . . . Ally Attacks 1 | . . 1 . . . Total Damage 21 | . . 21 . . . Kills 1 | . . 1 . . . Allies Corrupted . | . . . . . . Allies Melted . | . . . . . . Intel | -11 -10 -10 -10 -9 -8 ------- Run | Yrd Mat Min Exi Min Mat Robot Analysis Total . | . . . . . . Derelict Logs Recovered . | . . . . . . Drone Launches . | . . . . . . Drone Recoveries . | . . . . . . Exploration | -11 -10 -10 -10 -9 -8 ------------- Run | Yrd Mat Min Exi Min Mat Turns Passed 1357 | 75 371 72 391 25 423 Spaces Moved 861 | 46 211 40 320 14 230 Core 60 | 10 . . . . 50 Treads 238 | 36 202 . . . . Legs 513 | . 9 40 320 14 130 Wheels . | . . . . . . Hover . | . . . . . . Flight 50 | . . . . . 50 Fastest Speed 50 | 50 120 120 120 120 50 Average Speed 135 | 136 158 120 120 120 140 Slowest Speed 195 | 160 160 120 120 120 195 Overloaded Moves . | . . . . . . Propulsion Burnouts . | . . . . . . Robots Hopped . | . . . . . . Cave-ins Triggered . | . . . . . . Exploration Rate (%) 25 | 4 33 9 75 8 23 Regions Visited 5 Branch Regions 3 Pre-discovered Areas 2 | . . 1 1 . . Known Exits Taken . | . . . . . . Unknown Exits Taken 5 | 1 1 1 1 1 . Scrap Searched . | . . . . . . Spaces Dug . | . . . . . . Terrain Destroyed 41 | . 10 . . 13 18 Melee . | . . . . . . Projectile . | . . . . . . AOE 41 | . 10 . . 13 18 Terrain Rammed . | . . . . . . Walls Destroyed . | . . . . . . Machines Disabled . | . . . . . . Actions | -11 -10 -10 -10 -9 -8 --------- Run | Yrd Mat Min Exi Min Mat Total 965 | 59 233 51 327 17 278 Wait . | . . . . . . Move 856 | 45 210 39 319 13 230 Hop . | . . . . . . Pick Up 17 | 9 4 1 1 . 2 Fast Attach 4 | . 1 . . . 3 Attach 17 | 5 5 2 . . 5 Detach 4 | . 1 1 . . 2 Swap 1 | . . . . . 1 Drop 4 | . 2 1 . . 1 Fire 51 | . 7 7 . 4 33 Melee . | . . . . . . Ram 1 | . . . . . 1 Kick . | . . . . . . Crush 3 | . 3 . . . . Escape Stasis . | . . . . . . Rewire 7 | . . . 7 . . Trap . | . . . . . . Miscellaneous . | . . . . . . Route ------- -11/Scrapyard -10/Materials -10/Mines -10/Exiles -9/Mines -8/Materials History --------- Turn | Location | Event 3 | -11/Scrapyard | Discovered new exit (range 15) 76 | -11/Scrapyard | Entered Materials 324 | -10/Materials | Build established: Mutant 399 | -10/Materials | Discovered new exit (range 13) 447 | -10/Materials | Entered Mines 463 | -10/Mines | Escorted by a lone wolf Derelict 484 | -10/Mines | Learned location of Storage (-8) 509 | -10/Mines | Deemed a non-threat by the Exiles lab entrance 509 | -10/Mines | Discovered new exit (range 5) 519 | -10/Mines | Entered Exiles 519 | -10/Exiles | Accompanied by 1 ally 558 | -10/Exiles | Met 8R-AWN 579 | -10/Exiles | Met EX-HEX 652 | -10/Exiles | Met EX-DEC 681 | -10/Exiles | Visited The Gauntlet 841 | -10/Exiles | Learned location of Zion (-7) 899 | -10/Exiles | Discovered new exit (range 11) 910 | -10/Exiles | Entered Mines 916 | -9/Mines | Discovered new exit (range 11) 931 | -9/Mines | Met a Derelict bent on vengeance 935 | -9/Mines | Entered Materials 935 | -8/Materials | Evolved 4 slots: Power x1, Propulsion x1, Utility x1, Weapon x1 1176 | -8/Materials | Garrison activated, responded to threat 1319 | -8/Materials | Core integrity fell below 50% 1339 | -8/Materials | Core integrity fell below 20% 1358 | -8/Materials | Destroyed by Y-45 Defender with Beam Rifle Last Messages --------------- 01314_ G-47 Trooper IFF system glitched. 01314_ Heat Sink destroyed. 01315_ K-01 Serf collects debris. 01320_ Particle Gun destroyed. 01324_ Acquired Minigun. 01331_ G-47 Trooper destroyed. 01335_ Minigun destroyed. 01335_ System corrupted by crushing effect (+1). 01335_ Knocked back. 01338_ U-05 Engineer builds a Door. 01350_ M-13 Machinist repairs Heat Sink. 01350_ Slammed into B-36 Bruiser. 01352_ Critical hit (Burn: +37). 01353_ G-47 Trooper destroyed. 01353_ M-13 Machinist destroyed. 01353_ G-47 Trooper destroyed. 01355_ B-36 Bruiser destroyed. 01355_ Imp. VTOL Module destroyed. 01355_ Destroyed Imp. VTOL Module. 01355_ Grenade Launcher destroyed. Map ----- +----------------------------------------------------+ | ?????????????????????????????????????????????????? | | ?????????????????????????????????????????????????? | | ?????????????????????????????????????????????????? | | ?????????????????????????????????????????????????? | | ?????????????????????????????????????????????????? | | ?????????????????????????????????????????????????? | | ??????????????????????????????# ???????????? | | ??????????????????????????????#####+###??????????? | | ??????????????????????????????## ^ ???????????? | | ??????????????????????????????## ????????????? | | ??????????????????????????????## " ????????????? | | ??????????????????????????????## %##???? #????? | | ??????????????????????????????## ##????####????? | | ???????????????????# ### # ??? #????? | | ????????????????##########+##### # ?""""???????? | | ????????????????## # """" ??????? | | ????????????????## !!+ """" ##???? | | ????????????????## =%# !##???? | | ????????????????## #######+#### ## ?""" ###### | | ????????????????## ? ### ! u%*### ## ???" ###### | | ?????????????????????# #=% ### ##??????? #### | | ?????????????????????# Y"""= ### ##???????????? | | ?????????????????????# %"""%=### ##?????????????= | | ?????????????????????# Y*"""* ### ##?????????????= | | ?????????????????????# =%[ ### ##?????????????? | | ?????????????????????# @ ##### ############## | | ?????????????????????## # # #??## ################ | | ??????????????????????#####?#??## !%= | | ???????????????????????????????##+################ | | ??????????????????????????????? ########### "" | | ???????????????????????????????? ""??########## "" | | ??????????????????????????????? """?########## "" | | ????????????????????????????? # """## # | | ????????????????????????????? # """## """"" !# | | ????????????????????????????? # """## """"" # ! | | ????????????????????????????? # ??## """"" !#+## | | ????????????????????????????? ######## # ## | | ????????????????????????????? ######## """"" # | | ????????????????????????????? # ## """"" + | | ????????????????????????????? # ## """"" # | | ?????????????????????????????## [## !# | | ????????????????????????????? # #######+### | | ????????????????????????????? # """ # | | ????????????????????????????? # """ + | | ????????????????????????????? # """ # !* | | ????????????????????????????? # ###### [%""" | | ????????????????????????????? # " " ###### = T" | | ????????????????????????????? # "R" ###### =%""" | | ????????????????????????????? # """ + * | | ????????????????????????????? # ###### | +----------------------------------------------------+ Best States ------------- Heat Dissipation 41 Energy Generation 10 Energy Capacity 250 Matter Stores 300 Matter Capacity 400 Sight Range 16 Terrain Scan Density 10 Evasion (%) 55 Recoil Reduction 2 Item Schematics ----------------- None Robot Schematics ------------------ None Fabricated ------------ Nothing Alien Tech Used ----------------- None Achievements -------------- Librarian Tourist Troublemaker Challenges ------------ None Game ------ Seed TractorExperimentalTerrabomb Manual? 0 Play Time 00:22:51 Cumulative 1.9 hours Start 2024.03.31 @ 14:13:32 End 2024.03.31 @ 14:38:32 Sessions 1 Manual Loads 0 Difficulty Rogue Special Mode None Game No. 6 Rogue 6 Adventurer 0 Explorer 0 Win Type - Total 0 Types 0/0/0/0/0/0/0/0/0 Lore% 5 Gallery% 4 Achievement% 4 Wizard Run 0 Options --------- Layout 1 ASCII 0 Keyboard 0 Movement Mouse Keybinds 0 Fullscreen 1 Font 24/Smallcaps Map View 50x35 Zoom Use 0% Tactical HUD 1 Map Filters NONE Filters NONE Steam 1 RUN: ade035a4-254d-4927-9469-a824d1a79b08